 Dungeon Crawl Stone Soup version 0.30-a0-883-g5ad918d77d (webtiles) character file.

Game seed: 4482059547553496177

315 jasper the Vexing (level 6, 0/46 HPs)
             Began as a Demonspawn Wanderer on Mar 17, 2023.
             Was an Initiate of Okawaru.
             Slain by a water moccasin (6 damage)
             ... on level 5 of the Dungeon.
             The game lasted 00:06:08 (3983 turns).

jasper the Vexing (Demonspawn Wanderer)             Turns: 3983, Time: 00:06:09

Health: 0/46       AC:  6    Str: 13    XL:     6   Next: 20%
Magic:  7/7        EV:  9    Int: 17    God:    Okawaru [......]
Gold:   241        SH:  0    Dex: 10    Spells: 6/7 levels left

rFire   . . .      SeeInvis .    m - +2 dagger (venom)
rCold   . . .      Faith    .    (no shield)
rNeg    . . .      Spirit   .    c - +0 scale mail
rPois   .          Reflect  .    (no helmet)
rElec   .          Rampage  .    (no cloak)
rCorr   .                        (no gloves)
Will    .....                    (boots unavailable) Stlth
                                 (no amulet)
HPRegen 0.27/turn                (no ring)
MPRegen 0.10/turn                (no ring)

@: lethally poisoned (0 -> -15), hasted, very quick
A: hooves 3, powered by pain 1
a: Renounce Religion


You were on level 5 of the Dungeon.
You worshipped Okawaru.
Okawaru was noncommittal.
You visited 1 branch of the dungeon, and saw 5 of its levels.

You collected 241 gold pieces.

Inventory:

Hand Weapons
 a - a +0 club
 g - a +1 sling
 m - a +2 dagger of venom (weapon)
Missiles
 j - 14 poisoned darts
Armour
 c - a +0 scale mail (worn)
Jewellery
 n - a ring of see invisible
Wands
 l - a wand of polymorph (9)
 q - a wand of digging (5)
Scrolls
 b - a scroll of fear
 h - 2 scrolls of torment
 i - a scroll of blinking
 s - 3 scrolls of teleportation
 u - a scroll of vulnerability {unknown}
Potions
 d - a potion of attraction
 e - a potion of curing
 f - a potion of flight {unknown}
 p - a potion of ambrosia {unknown}
 r - a potion of resistance {unknown}
 t - a potion of mutation {unknown}


   Skills:
 - Level 2.5 Fighting
 * Level 3.2 Ranged Weapons
 - Level 2.6 Armour
 - Level 2.6 Dodging
 - Level 1.0 Stealth
 - Level 1.0 Spellcasting
 - Level 4.0 Hexes
 - Level 1.7 Translocations


You had 6 spell levels left.
You knew the following spells:

 Your Spells              Type           Power      Damage    Failure   Level
a - Slow                  Hex            56%        N/A       19%         1

Your spell library contained the following spells:

 Spells                   Type           Power      Damage    Failure   Level
 Ensorcelled Hibernation  Hex/Ice        14%        N/A       54%         2
 Blink                    Tloc           12%        N/A       56%         2
 Lesser Beckoning         Tloc           12%        N/A       56%         2
 Magic Dart               Conj           0%         1d3       67%         1
 Passwall                 Tmut/Erth      0%         N/A       82%         2
 Searing Ray              Conj           0%         2d4       82%         2
 Swiftness                Air            0%         N/A       96%         3
 Fulminant Prism          Conj/Hex       3%         3d5       99%         4
 Tukima's Dance           Hex            Unusable   N/A       N/A         3
 Summon Guardian Golem    Hex/Summ       Unusable   N/A       N/A         3

Dungeon Overview and Level Annotations

Branches:
Dungeon (5/15)
 Temple: D:4-7

Altars:
Fedhas
Gozag
Okawaru


Innate Abilities, Weirdness & Mutations

You have hooves in place of feet.
You sometimes gain a little power by taking damage.


Message History

The water moccasin bites you.
You see here a +0 mace.
You take 7 damage, and have 37/46 hp.
You closely miss the water moccasin. Your kick misses the water moccasin.
The water moccasin is heavily wounded.
You feel very sick.
The water moccasin bites you but does no damage.
You take 3 damage, and have 34/46 hp.
You closely miss the water moccasin. Your kick misses the water moccasin.
The water moccasin is heavily wounded.
You feel sick. The water moccasin bites you.
You take 6 damage, and have 28/46 hp.
You barely miss the water moccasin. Your kick misses the water moccasin.
The water moccasin is heavily wounded.
You feel sick. The water moccasin bites you.
You take 6 damage, and have 22/46 hp.
You barely miss the water moccasin. Your kick misses the water moccasin.
The water moccasin is severely wounded.
You feel sick. The water moccasin bites you.
You take 5 damage, and have 17/46 hp.
You barely miss the water moccasin.
The water moccasin is severely wounded.
You feel sick. The water moccasin barely misses you.
You take 2 damage, and have 15/46 hp.
You hit the water moccasin. You kick the water moccasin.
The water moccasin is severely wounded.
You feel sick.
You closely miss the water moccasin.
The water moccasin is almost dead.
You feel sick. The water moccasin bites you.
* * * LOW HITPOINT WARNING * * *
You are lethally poisoned!
The water moccasin poisons you!
You take 6 damage, and have 9/46 hp.
You miss the water moccasin.
The water moccasin is almost dead.
* * * LOW HITPOINT WARNING * * *
You feel very sick. The water moccasin bites you.
You die...

#...#.)^.##+##
#.....#...#........#
#.....#..##........#
#.....#..##....)...#..
#...!.'............#..
#.....#........##..#..
#.....##+##....##o.#..
#.....#..##....#...#..
#...S@#...#....#...#..
#.....#...'....)...#..
#.....#'#####'######..
#......†..#....##).###
#.........#......)....
##+###....#...........
#....#....##....#
#....#....###'###
#....#...........


You could see a water moccasin (poisoned).

Vanquished Creatures
  3 hounds
  Jessica (D:3)
  3 iguanas
  An orc wizard (D:5)
  3 adders
  A worm (D:5)
  4 orcs (D:5)
  6 ball pythons
  6 bats
  8 endoplasms
  9 goblins
  7 hobgoblins
  2 jackals (D:1)
  2 quokkas
  3 frilled lizards
  8 kobolds
  A rat (D:3)
68 creatures vanquished.

Notes
Turn   | Place    | Note
-------+----------+-------------------------------------------
     0 | D:1      | jasper the Demonspawn Wanderer began the quest for the Orb.
     0 | D:1      | jasper set off with the following items: a +0 club, a
                  | scroll of fear, a +0 scale mail; and the following spell
                  | memorised: Slow; and the following spells available to
                  | memorise: Tukima's Dance, Blink, Lesser Beckoning, Summon
                  | Guardian Golem.
     0 | D:1      | Reached XP level 1. HP: 13/13 MP: 2/2
   358 | D:1      | Gained mutation: You have large cloven feet. [demonic
                  | ancestry]
   358 | D:1      | Reached XP level 2. HP: 20/20 MP: 3/3
   675 | D:1      | Reached skill level 1 in Fighting
   989 | D:2      | Reached skill level 1 in Ranged Weapons
   989 | D:2      | Reached XP level 3. HP: 26/26 MP: 4/4
  1019 | D:2      | Found a faded altar of an unknown god.
  2001 | D:3      | Noticed Jessica
  2004 | D:3      | Killed Jessica
  2005 | D:3      | Gained mutation: You sometimes gain a little power by
                  | taking damage. [demonic ancestry]
  2005 | D:3      | Reached XP level 4. HP: 32/32 MP: 5/5
  2782 | D:4      | Gained mutation: You have hoof-like feet. [demonic
                  | ancestry]
  2782 | D:4      | Reached XP level 5. HP: 26/38 MP: 6/6
  3327 | D:4      | Found an opulent altar of Gozag.
  3335 | D:4      | Found a blossoming altar of Fedhas.
  3337 | D:4      | Found a faded altar of an unknown god.
  3339 | D:4      | Found an iron altar of Okawaru.
  3343 | D:4      | Became a worshipper of Warmaster Okawaru
  3583 | D:5      | Entered Level 5 of the Dungeon
  3845 | D:5      | Gained mutation: You have hooves in place of feet. [demonic
                  | ancestry]
  3845 | D:5      | Reached XP level 6. HP: 44/46 MP: 7/7
  3957 | D:5      | Noticed a water moccasin
  3983 | D:5      | Slain by a water moccasin

Illustrated notes

Levels and vault maps discovered:
D:1:      dpeg_arrival_central, layout_basic, minmay_misc_feat_doors
D:2:      layout_loops_ring, shapermc_ecumenical_altar_venn
D:3:      layout_basic, uniq_jessica
D:4:      layout_loops_cross, chequers_temple_overflow_minitemple,
          chequers_big_river
D:5:      kennysheep_steamy, layout_gridville, st_stairs_13

Skill      XL: |  1  2  3  4  5 |
---------------+----------------+-----
Fighting       | 1 2 |  2.5
Ranged Weapons | 1 2 3 |  3.2
Armour         | 2 |  2.6
Dodging        | 2 |  2.6
Stealth        | |  1.0
Spellcasting   | |  1.0
Hexes          | |  4.0
Translocations | |  1.7

Action                     |  1- 3 |  4- 6 || total
---------------------------+-------+-------++-------
  Melee: Club              |    34 |       ||    34
         Dagger            |     4 |    40 ||    44
         Kick              |     1 |    13 ||    14
         Punch             |       |     1 ||     1
   Fire: Sling             |   110 |   114 ||   224
    Use: Scroll            |     8 |     4 ||    12
         Potion            |       |     4 ||     4
 Armour: Scale mail        |    73 |    43 ||   116
  Dodge: Dodged            |    70 |    58 ||   128

Table legend: (Time is in decaauts)
 A = Elapsed time spent in this place.
 B = Non-inter-level travel time spent in this place.
 C = Inter-level travel time spent in this place.
 D = Time resting spent in this place.
 E = Time spent auto-exploring this place.
 F = Levels seen in this place.
 G = Mean time per level.
                   A        B        C        D        E       F      G
               +--------+--------+--------+--------+--------+-----+--------+
         Total |   4126 |   4000 |    126 |     44 |   3243 |   5 |  825.2 |
       Dungeon |   4126 |   4000 |    126 |     44 |   3243 |   5 |  825.2 |
               +--------+--------+--------+--------+--------+-----+--------+

Top non-repeatable levels by time:
     D:3: 1152 daAuts
     D:4: 973 daAuts
     D:1: 949 daAuts
     D:2: 648 daAuts
     D:5: 402 daAuts
